 Dungeon Crawl Stone Soup version 0.22.1-2-g9c5b331 (webtiles) character file.

207 Exodus3 the Covered (level 5, -4/47 HPs)
             Began as a Minotaur Fighter on Dec 11, 2018.
             Was a Follower of Wu Jian.
             Slain by an iguana (7 damage)
             ... on level 4 of the Dungeon.
             The game lasted 00:14:44 (3296 turns).

Exodus3 the Covered (Minotaur Fighter)              Turns: 3296, Time: 00:14:45

Health: -4/47      AC: 10    Str: 21    XL:     5   Next: 54%
Magic:  4/4        EV: 10    Int:  5    God:    Wu Jian [*.....]
Gold:   76         SH:  0    Dex: 10    Spells: 4/4 levels left

rFire    + . .     SeeInvis +   r - +3 quarterstaff (chaos)
rCold    . . .     Gourm    .   (shield currently unavailable)
rNeg     . . .     Faith    .   b - +0 scale mail
rPois    .         Spirit   .   (helmet restricted)
rElec    .         Reflect  .   s - +2 cloak {MR+}
rCorr    .         Harm     .   (no gloves)
MR       +....                  (no boots)
Stlth    ..........             g - amulet of regeneration
HPRegen  0.55/turn              k - ring of protection from fire
MPRegen  0.09/turn              q - ring of see invisible

@: lethally poisoned (-4 -> -4)
A: retaliatory headbutt, horns 2
a: Renounce Religion


You were on level 4 of the Dungeon.
You worshipped Wu Jian.
Wu Jian was aware of your devotion.
You were not hungry.

You visited 1 branch of the dungeon, and saw 4 of its levels.

You collected 76 gold pieces.

Inventory:

Hand Weapons
 i - a +3 flail
 r - a +3 quarterstaff of chaos (weapon)
Missiles
 m - 2 throwing nets (quivered)
Armour
 b - a +0 scale mail (worn)
 c - a +0 shield
 s - a +2 cloak of magic resistance (worn)
Jewellery
 g - an amulet of regeneration (around neck)
 k - a ring of protection from fire (left hand)
 q - a ring of see invisible (right hand)
Scrolls
 e - 2 scrolls of remove curse
 h - 2 scrolls of identify
 l - a scroll of teleportation
Potions
 a - 2 potions of ambrosia {unknown}
 d - 2 potions of might
 j - 2 potions of heal wounds
 n - a potion of curing {unknown}
Comestibles
 f - a ration


   Skills:
 + Level 4.7 Fighting
   Level 3.4 Axes
 + Level 0.8 Staves
 + Level 5.3 Armour
 + Level 1.1 Dodging
 + Level 4.7 Shields


You had 4 spell levels left.
You didn't know any spells.
Your spell library was empty.

Dungeon Overview and Level Annotations

Branches:
Dungeon (4/15)
 Temple: D:4-7

Altars:
Hepliaklqana
Kikubaaqudgha
Vehumet
Wu Jian
Xom


Innate Abilities, Weirdness & Mutations

You reflexively headbutt those who attack you in melee.
You have a pair of horns on your head.


Message History

You feel sick. The iguana bites you!
The helpless worker ant fails to defend itself.
You hit the worker ant but do no damage.
The worker ant is poisoned.
You headbutt the worker ant.
The worker ant is severely wounded.
The iguana bites you. The iguana closely misses you.
You hit the iguana. You burn the iguana.
The iguana is moderately wounded.
You kill the worker ant!
The Council accepts your kill. The iguana bites you!
* * * LOW HITPOINT WARNING * * *
You closely miss the iguana.
The iguana is moderately wounded.
You feel sick. The iguana bites you!
* * * LOW HITPOINT WARNING * * *
You barely miss the iguana. Your headbutt misses the iguana.
The iguana is moderately wounded.
The iguana bites you!
You die...

....###
#.....###
##.......###
##..........###
##.............#
#...$...........
................
......l@<.......
>......†........
................
...>............
................
................
...............>
................
...............


You could see an iguana.

Vanquished Creatures
  Crazy Yiuf (D:3)
  2 worker ants (D:4)
  3 gnolls (D:3)
  4 adders (D:3)
  An ooze (D:1)
  A worm (D:3)
  3 dart slugs
  3 leopard geckos
  2 orcs (D:3)
  A ball python (D:2)
  8 bats
  A giant cockroach (D:3)
  6 goblins
  4 hobgoblins
  2 jackals (D:3)
  2 quokkas (D:2)
  5 frilled lizards
  A kobold (D:3)
  7 rats
  3 plants
60 creatures vanquished.

Notes
Turn   | Place    | Note
-------+----------+-------------------------------------------
     0 | D:1      | Exodus3 the Minotaur Fighter began the quest for the Orb.
     0 | D:1      | Reached XP level 1. HP: 19/19 MP: 0/0
   167 | D:1      | Reached XP level 2. HP: 27/27 MP: 1/1
   427 | D:1      | Reached skill level 4 in Armour
  1204 | D:2      | Found an ornate altar of the Wu Jian Council.
  1207 | D:2      | Reached XP level 3. HP: 33/33 MP: 2/2
  1219 | D:2      | Became a worshipper of the Wu Jian Council
  1356 | D:2      | Found a shimmering altar of Xom.
  1356 | D:2      | Found an ancient bone altar of Kikubaaqudgha.
  1358 | D:2      | Found a radiant altar of Vehumet.
  1843 | D:2      | Found a hazy altar of Hepliaklqana.
  2430 | D:3      | Reached XP level 4. HP: 36/41 MP: 3/3
  2590 | D:3      | Found a runed door.
  2594 | D:3      | Noticed Crazy Yiuf
  2597 | D:3      | Killed Crazy Yiuf
  3187 | D:3      | Reached XP level 5. HP: 47/47 MP: 4/4
  3198 | D:3      | Reached * piety under Wu Jian
  3205 | D:3      | Reached skill level 5 in Armour
  3290 | D:4      | Reached skill level 1 in Dodging
  3295 | D:4      | HP: 2/47 [iguana (10)]
  3296 | D:4      | Slain by an iguana

Skill      XL: |  1  2  3  4  5 |
---------------+----------------+-----
Fighting       | 4 |  4.7
Shields        | 4 |  4.7
Armour         | 4 5 |  5.3
Axes           | 3 |  3.4
Dodging        | 1 |  1.1
Staves         | |  0.8

Action                   |  1- 3 |  4- 6 || total
-------------------------+-------+-------++-------
Melee: War axe           |   149 |    21 ||   170
       Headbutt          |    31 |    10 ||    41
       Quarterstaff      |       |    35 ||    35
Invok: Lunge             |     3 |     4 ||     7
       Whirlwind         |       |     1 ||     1
  Use: Scroll            |     3 |     3 ||     6
 Stab: Paralysed         |       |     1 ||     1
  Eat: Ration            |     2 |     1 ||     3
Armor: Scale mail        |    47 |    32 ||    79
Dodge: Dodged            |    34 |    29 ||    63
Block: Shield            |    60 |    18 ||    78
